 Dungeon Crawl Stone Soup version 0.26.0-9-gab577f9fc5 (webtiles) character file.

Game seed: 17190243229587507242

170 Marvel the Conjurer (level 5, 0/24 HPs)
             Began as a Spriggan Conjurer on Jan 13, 2021.
             Slain by Crazy Yiuf
             ... wielding a +3 quarterstaff of chaos
              (14 damage)
             ... on level 2 of the Dungeon.
             The game lasted 00:06:24 (2527 turns).

Marvel the Conjurer (Spriggan Conjurer)             Turns: 2527, Time: 00:06:25

Health: 0/24       AC:  3    Str:  3    XL:     5   Next: 25%
Magic:  9/12       EV: 19    Int: 20    God:
Gold:   106        SH:  0    Dex: 15    Spells: 9/12 levels left

rFire    . . .     SeeInvis +   (weapon restricted)
rCold    . . .     Faith    .   (shield restricted)
rNeg     . . .     Spirit   .   a - +0 robe
rPois    .         Reflect  .   (helmet restricted)
rElec    .         Harm     .   d - +0 cloak
rCorr    .         Rampage  .   (gloves unavailable)
Will     .....                  (boots unavailable)
Stlth    ++........             (no amulet)
HPRegen  0.08/turn              (no ring)
MPRegen  0.13/turn              (no ring)

@: very quick
A: very small, unfitting armour, see invisible, speed 3
a: no special abilities


You were on level 2 of the Dungeon.
You visited 1 branch of the dungeon, and saw 2 of its levels.

You collected 106 gold pieces.

Inventory:

Armour
 a - a +0 robe (worn)
 d - a +0 cloak (worn)
Scrolls
 b - 5 scrolls of teleportation {unknown}
 c - 2 scrolls of identify {unknown}
 e - 2 scrolls of remove curse {unknown}
 j - a scroll of enchant weapon {unknown}
Potions
 f - a potion of curing {unknown}
 g - 3 potions of lignification {unknown}
 h - a potion of cancellation {unknown}
 i - a potion of attraction {unknown}


   Skills:
 + Level 3.8 Dodging
 + Level 3.1 Stealth
 + Level 4.2 Spellcasting
 + Level 4.2 Conjurations


You had 9 spell levels left.
You knew the following spells:

 Your Spells              Type           Power        Failure   Level
a - Magic Dart            Conj           84%          2%          1
b - Searing Ray           Conj           42%          3%          2

Your spell library contained the following spells:

 Spells                   Type           Power        Failure   Level
 Dazzling Flash           Conj/Hex       24%          16%         3
 Fulminant Prism          Conj/Hex       6%           45%         4
 Iskenderun's Mystic Bla  Conj/Tloc      12%          45%         4


Dungeon Overview and Level Annotations

Branches:
Dungeon (2/15)

Altars:

Annotations:
D:2 Crazy Yiuf


Innate Abilities, Weirdness & Mutations

You are very small and have problems with some larger weapons.
You are too small for most types of armour.
You have supernaturally acute eyesight. (SInv)
You cover ground extremely quickly.


Message History

There is an open door here.
Crazy Yiuf shouts!
Could not explore, unopened runed door.
Could not explore, unopened runed door.
You open the door.
Crazy Yiuf screams, "Shower spinner senile!"
Casting: Searing Ray (safe; 3% risk of failure)
Confirm with . or Enter, or press ? or * to list all spells.
Aiming: Searing Ray (safe; 3% risk of failure)
Press: ? - help, Shift-Dir - straight line, f - Crazy Yiuf
Aim: Crazy Yiuf, wielding a +3 quarterstaff of chaos and wearing a +1 cloak (19% to evade)
The searing ray misses Crazy Yiuf. (Press . to maintain the ray.) Crazy Yiuf hits you with a +3 quarterstaff of chaos.
The searing ray misses Crazy Yiuf.
Crazy Yiuf says, "Paint!
Sif Muna mumblescurry pontify."
Crazy Yiuf hits you with a +3 quarterstaff of chaos!
You are electrocuted!
Ouch! That really hurt!
You die...

#........#####....####.####
#........# #....# #.#
#........# ♣....♣ ###
.........# ♣...♣♣
..######## ♣♣.♣♣ .(# ♣.♣♣
..# ♣♣.♣ ..# ♣.♣♣ ..# ♣♣@♣
..# #g# ..# ... ..# #...#
.)# #..)# ### #####


You could see Crazy Yiuf.

Vanquished Creatures
  A hound (D:2)
  Natasha (thrice) (D:2)
  3 adders (D:2)
  An ooze (D:1)
  A worm (D:2)
  2 dart slugs (D:1)
  2 leopard geckos
  2 hobgoblins (D:2)
  A jackal (D:1)
  4 bats
  3 frilled lizards
  2 goblins (D:2)
  4 kobolds
  6 rats
35 creatures vanquished.

Notes
Turn   | Place    | Note
-------+----------+-------------------------------------------
     0 | D:1      | Marvel the Spriggan Conjurer began the quest for the Orb.
     0 | D:1      | Reached XP level 1. HP: 9/9 MP: 5/5
   301 | D:1      | Reached XP level 2. HP: 13/13 MP: 0/6
   414 | D:1      | Learned a level 2 spell: Searing Ray
  1223 | D:2      | Reached XP level 3. HP: 13/16 MP: 1/8
  1327 | D:2      | Noticed Natasha
  1333 | D:2      | Killed Natasha
  1396 | D:2      | Noticed Natasha
  1400 | D:2      | Killed Natasha
  1401 | D:2      | Reached XP level 4. HP: 21/21 MP: 5/10
  1804 | D:2      | Reached XP level 5. HP: 23/24 MP: 7/11
  1855 | D:2      | Noticed Natasha
  1860 | D:2      | Killed Natasha
  2207 | D:2      | Found a runed translucent door.
  2208 | D:2      | Noticed Crazy Yiuf
  2527 | D:2      | Slain by Crazy Yiuf

Illustrated notes

Levels and vault maps discovered:
D:1:      ncdulo_halloftheorcs, layout_loops_ring, minmay_tetromino_o4
D:2:      layout_basic, uniq_natasha, uniq_crazy_yiuf_cottage

Skill      XL: |  1  2  3  4  5 |
---------------+----------------+-----
Conjurations   | 3 4 |  4.2
Spellcasting   | 3 4 |  4.2
Dodging        | |  3.8
Stealth        | |  3.1

Action                   |  1- 3 |  4- 6 || total
-------------------------+-------+-------++-------
Melee: Unarmed           |    11 |     1 ||    12
 Cast: Magic Dart        |    31 |    12 ||    43
       Searing Ray       |     8 |    15 ||    23
 Stab: Sleeping          |     1 |     1 ||     2
Dodge: Dodged            |    16 |    17 ||    33
